 Dungeon Crawl Stone Soup version 0.17.0-73-gb648821 (webtiles) character file.

3444 lucasterio the Basher (level 9, -4/63 HPs)
             Began as a Demonspawn Berserker on Dec 10, 2015.
             Was a High Priest of Trog.
             Killed from afar by an orc wizard (7 damage)
             ... with a magic dart
             ... on level 8 of the Dungeon.
             The game lasted 00:19:14 (7268 turns).

lucasterio the Basher (Demonspawn Berserker)        Turns: 7268, Time: 00:19:14

Health: -4/63      AC: 22    Str: 20    XL:     9   Next: 77%
Magic:  9/9        EV:  7    Int:  8    God:    Trog [*****.]
Gold:   561        SH:  3    Dex: 14    Spells: 0 memorised, 8 levels left

rFire  . . .     SeeInvis .     t - +1 mace (protect)
rCold  . . .     Clarity  .     r - +0 plate armour
rNeg   . . .     SustAt   .     (no shield)
rPois  .         Gourm    .     (no helmet)
rElec  .         Spirit   .     (no cloak)
rCorr  .         Warding  .     w - +0 pair of gloves (curse)
rMut   .         Stasis   .     (no boots)
MR     .....                    (no amulet)
Stlth  ..........               (no ring)
                                (no ring)

@: not resistant to hostile enchantments, extremely unstealthy
A: large bone plates 2, foul stench 1, nightstalker 2, rot immunity
a: Berserk, Trog's Hand, Brothers in Arms, Burn Spellbooks, Renounce Religion


You were on level 8 of the Dungeon.
You worshipped Trog.
Trog was extremely pleased with you.
You were very hungry.

You visited 1 branch of the dungeon, and saw 8 of its levels.

You collected 561 gold pieces.

Inventory:

Hand Weapons
 a - a +0 mace
 i - a +2 dagger of speed
 t - a +1 mace of protection (weapon)
 v - a cursed -2 hand axe
 A - a +2 dire flail of draining
Armour
 l - a +0 ring mail
 r - a +0 plate armour (worn)
 u - a +1 leather armour of poison resistance
 w - a cursed +0 pair of gloves (worn)
 R - a +0 scale mail
Jewellery
 b - an uncursed amulet of the gourmand {unknown}
 p - a +2 ring of dexterity {unknown}
 C - a cursed ring of loudness {unknown}
 O - a cursed +5 ring of slaying {unknown}
Wands
 o - a wand of flame (23)
 B - a wand of flame (24)
 I - a wand of flame (27)
 J - a wand of digging (12)
 Q - a wand of fire (8)
 T - a wand of lightning (7)
 V - a wand of cold (5)
Scrolls
 d - 2 scrolls of remove curse {unknown}
 e - 7 scrolls of identify {unknown}
 j - 3 scrolls of magic mapping {unknown}
 k - a scroll of blinking {unknown}
 n - a scroll of amnesia {unknown}
 y - 4 scrolls of teleportation {unknown}
 D - 3 scrolls of enchant weapon {unknown}
 G - 3 scrolls of immolation {unknown}
 L - a scroll of fog {unknown}
 S - 2 scrolls of enchant armour {unknown}
Potions
 f - 2 potions of curing
 h - 2 potions of heal wounds {unknown}
 m - 2 potions of magic {unknown}
 x - 3 potions of brilliance {unknown}
 z - 3 potions of poison {unknown}
 E - a potion of flight {unknown}
 F - a potion of resistance {unknown}
 K - a potion of berserk rage {unknown}
 M - a potion of beneficial mutation {unknown}
 P - a potion of cure mutation {unknown}
 U - a potion of agility {unknown}
Books
 N - a book of Dreams

   Spells                             Type                      Level
   a - Ensorcelled Hibernation        Hexes/Ice                    2
   b - Phase Shift                    Translocation                5
   c - Shadow Creatures               Summoning                    5
   d - Silence                        Hexes/Air                    5
   e - Darkness                       Hexes                        6
   f - Mass Confusion                 Hexes                        6
   Trog disapproves of the use of such an item.
Comestibles
 c - 6 bread rations
 g - 3 meat rations
 q - 11 slices of pizza
 s - 4 fruits
 H - a beef jerky


   Skills:
 - Level 3.0 Fighting
 * Level 11.0 Maces & Flails
 + Level 7.2 Armour
 - Level 1.7 Dodging


You had 8 spell levels left.
You didn't know any spells.

Dungeon Overview and Level Annotations

Branches:
Dungeon (8/15)             Temple (0/1) D:6
   Lair: D:8-11

Altars:
Fedhas
Sif Muna
Vehumet
Xom
Yredelemnul
Zin
The Shining One


Innate Abilities, Weirdness & Mutations

You are mostly covered in large bone plates (AC +3, SH +3).
You may emit foul miasma when damaged in melee.
You are significantly more attuned to the shadows.
You are immune to rotting.


Message History

You're too hungry to go berserk.
An orc wizard comes into view. It is wielding a dagger.
The orc wizard shouts!
Items here: )) †† a dagger; a hand axe; an orc corpse; an orc corpse You closely miss the orc warrior.
The orc warrior closely misses you.
The orc wizard points at you and mumbles some strange words.
You are confused.
The orc warrior hits you from afar with a glaive!
* * * LOW HITPOINT WARNING * * *
You bump into the rock wall.
You bump into the rock wall.
The orc wizard hits you but does no damage.
The orc wizard looks sick.
The orc warrior hits you from afar with a glaive.
* * * LOW HITPOINT WARNING * * *
You feel less confused.
The orc wizard gestures at you while chanting.
The magic dart hits you!
You die...

.########
#.###.........##..
#.# #.........##..
#.####........##..
#...##.....#......
#####.##.....######.
#.....##.....# #.
#.#######+### #.
#.#..o.# #. #.#@##.#
#. #.#.##o# #)
#.#.##....# #.
#.#.####### #. #.#.#
#. #...# #. ##### ##


You could see an orc wizard.

Vanquished Creatures
  The ghost of SaintRoka the Skirmisher, a novice NaCK of Xom (D:4)
  Sigmund (D:2)
  A spriggan (D:8)
  A hippogriff (D:8)
  Duvessa (D:5)
  5 ogres
  An orc warrior (D:8)
  An ice beast (D:8)
  A phantom (D:7)
  An eye of draining (D:8)
  A necrophage (D:6)
  4 centaurs
  Blork the orc (D:6)
  4 giant frogs
  Dowan (D:5)
  3 scorpions
  A water moccasin skeleton (D:8)
  A giant frog zombie (D:7)
  2 crimson imps (D:6)
  2 orc priests
  A quasit (D:6)
  3 jellies
  2 hounds
  2 orc wizards
  An iguana (D:6)
  4 worker ants
  A hound skeleton (D:5)
  6 adders
  A worker ant zombie (D:6)
  2 shadow imps
  3 oozes
  2 adder zombies
  5 worms
  An adder skeleton (D:6)
  9 giant geckos
  23 orcs
  3 ball pythons
  4 giant cockroaches
  13 goblins
  9 hobgoblins
  8 jackals
  4 quokkas
  8 bats
  2 giant gecko zombies
  8 giant newts
  7 kobolds
  11 rats
177 creatures vanquished.

Notes
Turn   | Place    | Note
--------------------------------------------------------------
     0 | D:1      | lucasterio the Demonspawn Berserker began the quest for the Orb.
     0 | D:1      | Reached XP level 1. HP: 18/18 MP: 1/1
    41 | D:1      | Gained mutation: You are slightly more attuned to the shadows. [demonic ancestry]
    41 | D:1      | Reached XP level 2. HP: 22/24 MP: 2/2
   384 | D:1      | Gained mutation: You are significantly more attuned to the shadows. [demonic ancestry]
   384 | D:1      | Reached XP level 3. HP: 27/29 MP: 3/3
  1014 | D:2      | Reached ** piety under Trog
  1014 | D:2      | Reached skill level 4 in Maces & Flails
  1421 | D:2      | Noticed Sigmund
  1437 | D:2      | Killed Sigmund
  1437 | D:2      | Reached skill level 5 in Maces & Flails
  1437 | D:2      | Gained mutation: You are immune to rotting. [demonic ancestry]
  1437 | D:2      | Reached XP level 4. HP: 31/35 MP: 4/4
  1437 | D:2      | Gained mutation: You are partially covered in large bone plates (AC +2, SH +2). [demonic ancestry]
  1437 | D:2      | Reached XP level 5. HP: 36/41 MP: 5/5
  2375 | D:3      | Gained mutation: You are mostly covered in large bone plates (AC +3, SH +3). [demonic ancestry]
  2375 | D:3      | Reached XP level 6. HP: 47/47 MP: 6/6
  2512 | D:3      | Reached *** piety under Trog
  2678 | D:3      | Found a deep blue altar of Sif Muna.
  3387 | D:4      | Reached skill level 6 in Maces & Flails
  3836 | D:4      | Noticed SaintRoka's ghost (novice NaCK)
  3891 | D:4      | Killed SaintRoka's ghost
  3891 | D:4      | Reached skill level 7 in Maces & Flails
  3891 | D:4      | Reached XP level 7. HP: 17/52 MP: 7/7
  4258 | D:5      | Entered Level 5 of the Dungeon
  4456 | D:5      | Reached XP level 8. HP: 36/58 MP: 8/8
  4670 | D:5      | Reached **** piety under Trog
  4670 | D:5      | Reached skill level 8 in Maces & Flails
  4670 | D:5      | Reached skill level 5 in Armour
  4733 | D:5      | Noticed Duvessa
  4738 | D:5      | Killed Duvessa
  4739 | D:5      | Noticed Dowan
  4744 | D:5      | Killed Dowan
  5189 | D:6      | Reached skill level 9 in Maces & Flails
  5380 | D:6      | Found a basalt altar of Yredelemnul.
  5399 | D:6      | Noticed Blork the orc
  5413 | D:6      | Killed Blork the orc
  5547 | D:6      | Found a staircase to the Ecumenical Temple.
  5611 | D:6      | Found a radiant altar of Vehumet.
  5612 | D:6      | Found a glowing silver altar of Zin.
  5748 | D:6      | Gained mutation: You may emit foul miasma when damaged in melee. [demonic ancestry]
  5748 | D:6      | Reached XP level 9. HP: 51/63 MP: 9/9
  5871 | D:7      | Found a glowing golden altar of the Shining One.
  6257 | D:7      | Found a shimmering altar of Xom.
  6519 | D:8      | Reached skill level 10 in Maces & Flails
  6706 | D:8      | Found a blossoming altar of Fedhas.
  6968 | D:8      | Reached ***** piety under Trog
  7159 | D:8      | Received a gift from Trog
  7170 | D:8      | Reached skill level 11 in Maces & Flails
  7266 | D:8      | HP: 3/63 [orc warrior/glaive (4)]
  7268 | D:8      | Killed from afar by an orc wizard

Action                   |  1- 3 |  4- 6 |  7- 9 || total
-------------------------+-------+-------+-------++-------
Melee: Mace              |   104 |   280 |   465 ||   849
Invok: Berserk           |     5 |     2 |     6 ||    13
  Use: Potion            |       |       |     1 ||     1
 Stab: Sleeping          |     3 |     8 |       ||    11
  Eat: Chunk             |     6 |    10 |    16 ||    32
       Beef jerky        |       |       |     1 ||     1
